AoeStats
← Mf MelloMike

Lombardia

508641105Analyzed
4v4 RM · 10d ago on Sep 23, 2026· 43m 45s· 8 players
Game mode
Random Map
Map size
Large (8 player)
Population
200
Speed
Normal
Resources
Standard
Victory
Conquest
Starting age
Dark Age
Ending age
Imperial Age
RankedLock teamsTeams togetherTeam positionsShared explorationLock speedFull tech treeHidden civsTurbo modeCheats
Victory
Defeat
🇭🇰 Varangians · Hong Kong SAR China
989
+11
🇨🇳 Saxons · China
893
+14
🇨🇳 Franks · China
819
+18
🇦🇷 Spanish · Argentina
746
+21
🇨🇳 Saxons · China
905
-47
🇨🇳 Teutons · China
899
-51
🇺🇸 Japanese · United States
835
-15
🇮🇳 Aztecs · India
789
-13
Mf MelloMike
5:48 Loom
10:17 Feudal Age
11:44 Wheelbarrow
13:28 Double-Bit Axe
15:23 Horse Collar
20:45 Castle Age
19:58 Stone Mining
20:22 Forging
20:13 Scale Mail Armor
27:09 Chain Mail Armor
27:01 Gold Mining
33:00 Imperial Age
31:13 Bow Saw
33:00 Iron Casting
34:24 Kataparuto
36:10 Gold Shaft Mining
36:33 Elite Samurai
39:11 Squires
38:59 Arson
40:18 Blast Furnace
42:46 Plate Mail Armor
95subodh
1:58 Loom
2:17 Loom
2:38 Loom
11:50 Feudal Age
13:10 Double-Bit Axe
13:08 Horse Collar
14:23 Wheelbarrow
21:18 Castle Age
27:16 Gold Mining
27:18 Stone Mining
29:24 Bow Saw
29:29 Heavy Plow
30:38 Hand Cart
31:53 Forging
31:48 Scale Mail Armor
31:42 Town Watch
33:28 Gold Shaft Mining
33:31 Stone Shaft Mining
37:18 Imperial Age
35:38 Iron Casting
35:18 Chain Mail Armor
36:00 Town Patrol
35:25 Eagle Warrior
36:06 Squires
35:51 Arson
35:54 Gambesons
35:30 Man-at-Arms
35:30 Pikeman
36:30 Caravan
37:01 Long Swordsman
37:05 Pikeman
37:43 Fletching
37:52 Murder Holes
38:09 Fortified Wall
37:42 Treadmill Crane
38:24 Ballistics
39:08 Blast Furnace
38:38 Plate Mail Armor
38:44 Conscription
38:07 Two-Handed Swordsman
38:32 Elite Eagle Warrior
40:39 Garland Wars
40:23 Bodkin Arrow
超人
14:17 Feudal Age
15:44 Wheelbarrow
16:51 Horse Collar
22:50 Castle Age
20:59 Man-at-Arms
23:33 Scale Mail Armor
23:53 Hand Cart
29:02 Gold Mining
29:02 Stone Mining
29:03 Double-Bit Axe
33:38 Imperial Age
32:54 Forging
32:59 Chain Mail Armor
36:18 Iron Casting
37:42 Elite Teutonic Knight
39:23 Coinage
冬眠
10:39 Feudal Age
11:13 Double-Bit Axe
11:36 Horse Collar
14:20 Wheelbarrow
15:06 Stone Mining
18:41 Gold Mining
30:38 Castle Age
29:45 Fletching
30:04 Padded Archer Armor
32:04 Hand Cart
34:00 Caravan
慢即是快.
5:22 Loom
11:55 Feudal Age
18:00 Castle Age
23:56 Horse Collar
24:05 Double-Bit Axe
26:29 Wheelbarrow
28:32 Bow Saw
32:28 Imperial Age
30:52 Forging
30:47 Scale Barding Armor
30:49 Caravan
32:17 Heavy Plow
32:30 Bow Saw
32:57 Town Watch
34:35 Iron Casting
34:20 Chain Barding Armor
34:28 Husbandry
34:38 Bloodlines
33:49 Cavalier
35:35 Hand Cart
35:21 Town Patrol
36:26 Blast Furnace
37:06 Plate Barding Armor
37:02 Conscription
37:34 Paladin
42:09 Gold Mining
One Shoulder 100KG
11:01 Feudal Age
12:27 Double-Bit Axe
15:17 Castle Age
12:59 Horse Collar
14:11 Gold Mining
16:52 Bow Saw
22:33 Wheelbarrow
26:16 Stone Mining
29:18 Imperial Age
27:33 Heavy Plow
28:22 Gold Shaft Mining
27:58 Forging
28:01 Loom
28:04 Town Watch
28:45 Hand Cart
28:37 Scale Mail Armor
29:34 Coinage
29:33 Town Patrol
29:34 Treadmill Crane
29:25 Shield Wall
30:25 Conscription
30:43 Iron Casting
30:25 Chain Mail Armor
30:33 Guilds
30:24 Arson
30:40 Squires
31:37 Plate Mail Armor
30:40 Elite Varangian Guard
32:16 Banking
33:24 Fletching
33:42 Caravan
33:43 Capped Ram
35:16 Siege Ram
37:22 Two-Man Saw
37:01 Bodkin Arrow
TornToast5128
12:28 Feudal Age
16:31 Castle Age
15:01 Horse Collar
15:10 Double-Bit Axe
21:56 Wheelbarrow
24:47 Gold Mining
28:34 Imperial Age
28:11 Hand Cart
28:38 Forging
28:28 Scale Mail Armor
28:18 Arson
28:34 Squires
28:19 Gambesons
29:05 Elite Varangian Guard
30:29 Iron Casting
31:06 Gothikon
33:38 Blast Furnace
32:53 Chain Mail Armor
33:25 Heavy Plow
35:13 Bow Saw
37:46 Loom
37:50 Town Watch
43:54 Plate Mail Armor
Noob.
1:19 Loom
12:29 Feudal Age
12:58 Man-at-Arms
14:42 Forging
14:55 Arson
15:47 Scale Mail Armor
23:39 Castle Age
26:06 Husbandry
26:18 Squires
26:05 Gambesons
29:22 Double-Bit Axe
33:09 Imperial Age
33:18 Imperial Age
31:29 Scale Barding Armor
33:01 Iron Casting
32:37 Gold Mining
33:44 Chain Barding Armor
33:58 Cavalier
35:16 Conscription
37:58 Blast Furnace
37:53 Paladin
39:48 Plate Barding Armor
42:27 Chivalry
Connection lost

Rejoining the realm…

Still unreachable

The connection could not be restored.

Session expired

The server has moved on; the page needs a fresh start.